 Dungeon Crawl Stone Soup version 0.28.0-53-g5a82cb258f (webtiles) character file.

Game seed: 3603624003453691425

110 Deemzul the Chopper (level 4, -6/57 (58) HPs)
             Began as a Palentonga Berserker on July 24, 2022.
             Was a Believer of Trog.
             Mangled by an orc priest
             ... wielding a +0 flail
              (8 damage)
             ... on level 2 of the Dungeon.
             The game lasted 00:01:33 (1663 turns).

Deemzul the Chopper (Palentonga Berserker)          Turns: 1663, Time: 00:01:33

HP:   -6/57 (58)    AC:  4    Str: 22    XL:     4   Next: 61%
MP:   4/4           EV:  6    Int:  8    God:    Trog [**....]
Gold: 12            SH:  9    Dex:  9    Spells: 3/3 levels left

rFire   . . .      SeeInvis +   a - +0 hand axe
rCold   . . .      Faith    .   j - +0 tower shield
rNeg    . . .      Spirit   .   b - +0 animal skin
rPois   .          Reflect  .   (no helmet)
rElec   .          Harm     .   (no cloak)
rCorr   .          Rampage  .   (no gloves)
Will    .....                   (no barding)
Stlth   ..........              (no amulet)
HPRegen 0.19/turn               (no ring)
MPRegen 0.09/turn               (no ring)

@: berserking, lightly drained, very quick
A: large, rugged brown scales 3, see invisible, deformed body, roll 1, armoured
tail
a: Rolling Charge, Renounce Religion, Berserk, Trog's Hand


You were on level 2 of the Dungeon.
You worshipped Trog.
Trog was pleased with you.
You visited 1 branch of the dungeon, and saw 2 of its levels.

You collected 12 gold pieces.

Inventory:

Hand Weapons
 a - a +0 hand axe (weapon)
Armour
 b - a +0 animal skin (worn)
 j - a +0 tower shield (worn)
Wands
 i - a wand of paralysis (4)
Scrolls
 c - a scroll of teleportation {unknown}
 d - 3 scrolls of noise {unknown}
 e - 3 scrolls of immolation {unknown}
 f - 2 scrolls of identify {unknown}
 h - a scroll of fear {unknown}
Potions
 g - a potion of lignification {unknown}


   Skills:
 + Level 3.6 Fighting
 + Level 4.0 Axes
 + Level 1.8 Armour
 + Level 2.6 Dodging
 + Level 0.1 Stealth


You had 3 spell levels left.
You didn't know any spells.
Your spell library was empty.

Dungeon Overview and Level Annotations

Branches:
Dungeon (2/15)

Altars:


Innate Abilities, Weirdness & Mutations

You are completely covered in rugged brown scales. (AC +3, +7% HP)
You have supernaturally acute eyesight. (SInv)
Armour fits poorly on your strangely shaped body.
You can roll at nearby foes to attack.
You have a long armoured tail.


Message History

The orc priest mumbles some strange prayers to Beogh against you.
Beogh smites you!
The ball python bites you but does no damage.
You barely miss the orc priest. You slash the orc priest!
You slash the ball python!
You kill the ball python!
Trog accepts your kill. The orc priest hits you with a +0 club.
You block the orc priest's attack.
Unknown command.
You barely miss the orc priest. You closely miss the orc wizard.
You closely miss the orc priest.
The orc wizard hits you with a +2 dagger of draining.
You feel drained.
Unknown command.
You barely miss the orc wizard. You hit the orc priest.
You slash the orc priest!
You kill the orc priest!
Trog accepts your kill.
The orc priest invokes the aid of Beogh against you.
Beogh smites you!
* * * LOW HITPOINT WARNING * * *
The orc wizard hits you with a +2 dagger of draining.
* * * LOW HITPOINT WARNING * * *
You feel drained.
* * * LOW HITPOINT WARNING * * *
Your life force feels restored.
Your Axes skill increases to level 4!
Okay, then.
You barely miss the orc priest.
The orc priest is heavily wounded.
You barely miss the orc wizard. The orc priest barely misses you.
The orc wizard hits you with a +2 dagger of draining.
* * * LOW HITPOINT WARNING * * *
You feel drained.
Unknown command.
You closely miss the orc priest.
The orc priest is heavily wounded.
You barely miss the orc wizard.
The orc priest hits you with a +0 flail!
You die...

#.#..###.# ##
#.#..#(..## ...
#.#.......#
#.###.........+
#.....#.......##
#....#.......$.
#####
#....#.)o......
....#
#......@o......
....#
#...)..###....#
....####
#..............
....'..#
#.......#... .
....##.###.......#
8..
##+###...........#
.. #.# #.#
#..##)......# . #.#
#.#
#..##.......#..o.
#.# #.#
#..##.......#.8.o.8
#.#


You could see an orc priest and an orc wizard (invisible).

Vanquished Creatures
  An orc priest (D:2)
  Jessica (D:2)
  An adder (D:2)
  A worm (D:2)
  2 dart slugs (D:1)
  2 orcs (D:2)
  2 ball pythons
  2 endoplasms (D:1)
  2 giant cockroaches
  2 goblins (D:1)
  3 hobgoblins (D:1)
  2 jackals (D:1)
  4 kobolds (D:1)
  7 bats (D:1)
  5 rats
37 creatures vanquished.

Notes
Turn   | Place    | Note
-------+----------+-------------------------------------------
     0 | D:1      | Deemzul the Palentonga Berserker began the quest for the
                  | Orb.
     0 | D:1      | Reached XP level 1. HP: 19/19 MP: 1/1
   325 | D:1      | Reached XP level 2. HP: 25/25 MP: 2/2
   467 | D:1      | Found a faded altar of an unknown god.
   579 | D:1      | Reached ** piety under Trog
   769 | D:1      | Reached XP level 3. HP: 27/31 MP: 3/3
  1387 | D:2      | Noticed Jessica
  1390 | D:2      | Killed Jessica
  1391 | D:2      | Reached XP level 4. HP: 26/37 MP: 4/4
  1661 | D:2      | HP: 2/51 [orc wizard/+2 dagger of draining (1)]
  1662 | D:2      | Reached skill level 4 in Axes
  1663 | D:2      | Mangled by an orc priest

Illustrated notes

Levels and vault maps discovered:
D:1:      giann_bridges, layout_loops_ring, dilly_ecumenical_altar_fadedgnrine,
          serial_bayou_pond_d
D:2:      cheibrodos_pilgrimage, layout_basic, corexii_hall_statues_s,
          minmay_box_of_dots, uniq_jessica, uniq_natasha

Skill      XL: |  1  2  3  4 |
---------------+-------------+-----
Dodging        | 2 |  2.6
Axes           | 4 |  4.0
Fighting       | |  3.6
Armour         | |  1.8
Stealth        | |  0.1

Action                   |  1- 3 |  4- 6 || total
-------------------------+-------+-------++-------
Melee: Hand axe          |    97 |    15 ||   112
       Tailslap          |     6 |       ||     6
       Punch             |     2 |       ||     2
Invok: Berserk           |       |     1 ||     1
Armor: Animal skin       |    44 |     6 ||    50
Dodge: Dodged            |    58 |     4 ||    62
Block: Tower shield      |       |     2 ||     2
